← All builds
Tech / Armada / Economy first / OBSERVED BUILD

Rattlesnake defence

Armada Tech (Eco) build order · Supreme Isthmus

Standard T2 eco build that adds an early Rattlesnake-led defensive artillery line around 8:57-11:10 at the middle, with notable pressure beforehand and later base losses.

Usually first T2 con to Geo (74%)

#defence #artillery · 62 distinct matches · 32 players · 2% of Armada Tech games · team won 40% of 62 · Recently observed

THE CATCH, AND WHAT COMES WITH IT
  • RattlesnakeEarly defence from 8:57 · 3% of role by thenOnly 3% of Tech games have it by then; others who build it get it around 11:15

Started with Rattlesnake (98%), Keeper (2%).

Where those units first fight, in 41 games with kill data: in the middle 85%, on their own side 15%.

Those units destroy a typical 495 metal of enemy units by 15:00.

HOW TO PLAY IT

Key timing: Rattlesnake out by 11:00

  1. Open standard T2 rush with Bot Lab and early mex.
  2. Finish Advanced Bot Lab on the usual T2 timing.
  3. Upgrade mex while team pressure builds up front.
  4. Push out Rattlesnake pop-up arty early to hold middle.
  5. Keep supplying T2 cons and anti-nuke to the team.

Phase by phase

TYPICAL OF ITS 62 GAMES · AGAINST STANDARD TECH
  1. 1
  2. 2
  3. 3
  4. 4
  5. 5
PLAY THE OPENING

Follow the example game's first 9:58 step by step: what to build now, what comes next, and where it goes. At 1× it keeps pace with your own game.

  1. 1

    Up to the Bot Lab

    Economy
    • Metal Extractor3Mex
    • Wind Turbine4Wind
    Order
    1. Bot LabBot Lab after 3 mex, 4 winddone ~1:16, middle half 1:10–1:29

    By 0:59 in all: 3 mex · 4 wind

    The example game in this phase · 3 steps
    1. Mex ×3
    2. Wind ×2
    3. Bot LabBot Labdone 1:03 · typical 1:16
  2. 2

    Bot Lab to Advanced Bot Lab

    Economy
    • Metal Extractor1Mex
    • Wind Turbine8Wind
    • Energy Storage1Energy storage
    Order
    1. Advanced Bot LabAdvanced Bot Lab after 4 mex, 12 wind, 3 con turretdone ~4:12, middle half 3:58–4:30
    Builders
    • Construction Turret3 Con turret
    • Lazarus3 Lazarus
    • Construction Bot2 Con bot
    • Construction Bot1 Con bot for allies

    Some games also: converter (39%)

    By 3:16 in all: 4 mex · 12 wind · 1 energy storage · 3 con turret

    The example game in this phase · 15 steps
    1. Wind
    2. LazarusLazarus
    3. Wind
    4. Construction BotCon bot
    5. Wind ×5
    6. LazarusLazarus
    7. Wind
    8. Con turret
    9. Wind
    10. Construction BotCon botfor Air
    11. Mex
    12. Wind ×3
    13. Con turret
    14. Energy storage
    15. Advanced Bot LabAdvanced Bot Labdone 3:59 · typical 4:12
  3. 3

    Advanced Bot Lab to 5:00

    Economy
    • Wind Turbine2Wind−2 vs standard
    Order
    1. Bot LabEat Bot Lab
    Builders
    • Advanced Construction Bot1 T2 con bot for allies

    Some games also: converter (37%)

    By 5:00 in all: 4 mex · 16 wind · 2 converter · 1 energy storage · 3 con turret

    The example game in this phase · 3 steps
    1. Bot LabEat Bot Labreclaimed for its metal
    2. Advanced Construction BotT2 con bot ×2for Geo
    3. Advanced Metal ExtractorT2 mex ×3done 5:06 · typical 5:11
  4. 4

    5:00 to Early defence

    Economy
    • Wind Turbine23Wind
    • Energy Converter2Converter
    Order
    1. RattlesnakeEarly defence after 4 mex, 40 wind, 6 converterdone ~11:10, middle half 9:48–11:36
    Builders
    • Butler5 Butler
    • Advanced Construction Bot2 T2 con bot for allies
    • Advanced Construction Bot1 T2 con bot

    Some games also: con turret (32%)

    By 8:57 in all: 4 mex · 40 wind · 6 converter (standard 4) · 1 energy storage · 3 con turret

    The example game in this phase · 57 steps
    1. Advanced Construction BotT2 con botfor Geo sea
    2. ButlerButler
    3. Advanced Metal ExtractorT2 mex
    4. ButlerButler ×2
    5. Advanced Construction BotT2 con botfor Beach sea
    6. ButlerButler ×3
    7. Wind ×3
    8. Converter
    9. Wind
    10. ButlerButler
    11. Wind
    12. Converter
    13. Wind
    14. ButlerButler
    15. Wind
    16. Converter
    17. ButlerButler
    18. Wind
    19. Converter
    20. Advanced Construction BotT2 con botfor Pond
    21. Wind
    22. Converter
    23. Wind ×3
    24. ButlerButler
    25. Wind
    26. Converter
    27. Wind ×2
    28. Converter
    29. Wind ×4
    30. Converter
    31. Wind ×4
    32. ButlerButler
    33. Converter
    34. Advanced Construction BotT2 con bot
    35. Wind ×4
    36. Converter
    37. Wind ×2
    38. ButlerButler
    39. Converter
    40. Wind ×2
    41. ButlerButler
    42. Wind ×2
    43. Converter
    44. Wind ×2
    45. ButlerButler
    46. Wind
    47. Converter
    48. Wind
    49. ButlerButler
    50. Wind ×2
    51. Converter
    52. Wind ×3
    53. Converter
    54. Wind ×3
    55. Converter
    56. Wind
    57. RattlesnakeRattlesnakedone 11:31 · typical 11:10
  5. 5

    Early defence to 15:00

    Economy
    • Wind Turbine158Wind
    • Energy Converter36Converter
    Order
    1. Advanced Bot LabEat Advanced Bot Lab in 61% of games
    Builders
    • Construction Turret4 Con turret −3 vs standard
    • Butler5 Butler
    • Advanced Construction Bot1 T2 con bot

    Some games also: metal storage (48%) · fusion (45%) · T2 con bot for allies (44%) · anti-nuke (31%) · Rattlesnake (31%)

    By 15:00 in all: 4 mex · 203 wind · 45 converter · 1 energy storage · 7 con turret (standard 10)

    The example game in this phase · 122 steps
    1. Wind ×3
    2. Converter
    3. Wind ×3
    4. Converter
    5. Advanced Construction BotT2 con bot
    6. Wind ×2
    7. Converter
    8. Wind ×2
    9. Metal storage
    10. Wind
    11. Converter
    12. Wind ×3
    13. Converter
    14. Con turret
    15. Wind
    16. PlatypusPlatypus
    17. Wind ×2
    18. Converter
    19. Wind ×3
    20. Converter
    21. PlatypusPlatypus
    22. Wind ×2
    23. PlatypusPlatypus
    24. Converter
    25. Wind ×3
    26. PlatypusPlatypus
    27. Wind
    28. Converter
    29. Wind ×2
    30. Converter
    31. Wind ×4
    32. Converter
    33. Wind ×2
    34. Converter
    35. Wind ×2
    36. Converter
    37. Wind ×3
    38. Converter
    39. Wind ×2
    40. Converter
    41. Wind ×2
    42. Converter
    43. Wind ×4
    44. Converter
    45. Wind ×2
    46. PlatypusPlatypus
    47. Converter
    48. Wind ×6
    49. Converter
    50. Wind
    51. Advanced Radar TowerAdvanced Radar Tower
    52. Wind ×4
    53. Converter
    54. Wind ×2
    55. PlatypusPlatypus
    56. Wind ×4
    57. Converter
    58. Wind ×6
    59. Converter
    60. Wind
    61. PlatypusPlatypus
    62. Wind
    63. Fusion ReactorFusionnot finished by 15:00
    64. Wind ×3
    65. PlatypusPlatypus
    66. Wind ×2
    67. Converter
    68. Wind ×2
    69. PlatypusPlatypus
    70. Wind ×2
    71. Converter
    72. Wind ×2
    73. PlatypusPlatypus
    74. Wind
    75. Converter
    76. Wind ×5
    77. Converter
    78. Wind ×3
    79. Converter
    80. Wind ×3
    81. Con turret
    82. Wind
    83. Converter
    84. Wind ×3
    85. Converter
    86. Wind ×2
    87. Con turret
    88. Wind
    89. Converter
    90. Wind ×3
    91. Con turret
    92. Wind ×8
    93. Fusion ReactorFusion
    94. Wind
    95. Converter
    96. Wind ×5
    97. Converter
    98. Wind ×3
    99. Advanced Bot LabEat Advanced Bot Labreclaimed for its metal
    100. Wind ×2
    101. Converter
    102. Wind ×6
    103. Converter
    104. Wind ×8
    105. Converter
    106. Wind ×7
    107. Converter
    108. T2 converter
    109. Wind ×6
    110. Con turret
    111. Wind ×3
    112. Con turret
    113. Wind ×2
    114. Con turret
    115. Converter
    116. Wind ×6
    117. Converter
    118. Wind ×6
    119. T2 converter
    120. Wind ×3
    121. Converter
    122. Wind ×9

Counts are medians over the build's games: half of them build more, half fewer. The example game is Afussy's (34 OS, 23/09/2026); pick another.

Team trades

IN AT LEAST 30% OF ITS GAMES

You hand over

  • Construction Bot1 Con bot to Airfirst at 2:22 · in 77% of games
  • Advanced Construction Bot5 T2 con bot to Geo sea or Air or Pondfirst at 5:00 · in 100% of games
  • Butler2 Butler to Geo sea or Beach sea or Geofirst at 8:23 · in 42% of games

You get

  • Hercules2 Light transport from Airfirst at 4:03 · in 85% of games

How it plays out

Typical game of this build against the role’s standard build, running totals by minute

  • This build
  • Standard tech

Metal produced

020k40k
0:005:0010:0015:00

metal

Enemy metal destroyed

01k2k
0:005:0010:0015:00

metal

Own metal lost

050100150
0:005:0010:0015:00

metal

62 games.

Show as table
ByMetal produced: This buildMetal produced: Standard techEnemy metal destroyed: This buildEnemy metal destroyed: Standard techOwn metal lost: This buildOwn metal lost: Standard tech
1:003833830000
2:009169150000
3:00167616520000
4:00320731430000
5:00487148480000
6:00600658010000
7:00765372300000
8:00957690640000
9:0011819111780000
10:0014468135200000
11:00170461624253000
12:002015019652202000
13:002412123430575000
14:00281302728692405974
15:0032710315121550108128130
WHAT THE NUMBERS SAY

Roughly matched the standard build's win rate while destroying far more enemy metal for fewer losses by 15:00.

  • + Own metal lost at 15:00 much lower than standard (130 vs 196).
  • + Enemy metal destroyed more than triples standard by 15:00 (872 vs 262).
  • − Rattlesnake arrives far later than role's usual tempo (11:13 vs role norm near 3% doing this at all).
  • − Team win rate close to standard, so no clear edge from the switch.
THE EXAMPLE YOU ARE READING

Afussy

33.9 OS · 23/09/2026

Open source match ↗

1 received units
2274 metal received · 45068 energy received

Allied construction assistance is unknown. Timings are observations, not a promise of solo reproducibility.

Typical milestones

Bot Lab1:16Middle 50%: 1:10–1:29 · n=62
Advanced Bot Lab4:12Middle 50%: 3:58–4:30 · n=62
Advanced Metal Extractor5:11Middle 50%: 4:59–5:27 · n=62
Rattlesnake11:10Middle 50%: 9:48–11:36 · n=53

Played most by

[NWP]13477games of this buildGeeGee7games of this buildCrouxy5games of this buildDonGarillo5games of this buildRogShotz3games of this build